 Dungeon Crawl Stone Soup version 0.28-a0-1152-g9c71ebef14 (webtiles) character file.

Game seed: 17594384465777151402

625 flotson the Ducker (level 7, -1/54 HPs)
             Began as a Demonspawn Gladiator on Dec 15, 2021.
             Slain by Crazy Yiuf (12 damage)
             ... on level 3 of the Dungeon.
             The game lasted 00:05:52 (4333 turns).

flotson the Ducker (Demonspawn Gladiator)           Turns: 4333, Time: 00:05:53

Health: -1/54      AC:  7    Str: 23    XL:     7   Next: 23%
Magic:  5/7        EV: 12    Int:  9    God:
Gold:   90         SH:  0    Dex: 14    Spells: 6/6 levels left

rFire   . . .      SeeInvis .   b - +8 hunting sling of Lepacso Cuha {freeze, rPois rC+}
rCold   + + .      Faith    .   (no shield)
rNeg    . . .      Spirit   .   l - +0 ring mail {rC+}
rPois   +          Reflect  .   o - +1 helmet
rElec   .          Harm     .   (no cloak)
rCorr   .          Rampage  .   (no gloves)
Will    +....                   (no boots)
Stlth   ..........              (no amulet)
HPRegen 0.18/turn               f - +6 ring of strength
MPRegen 0.10/turn               r - ring of willpower

@: confused, lethally poisoned (-1 -> -6), attractive
A: ignite blood 1, powered by death 1, weakness stinger 1
a: no special abilities


You were on level 3 of the Dungeon.
You visited 1 branch of the dungeon, and saw 5 of its levels.

You collected 90 gold pieces.

Inventory:

Hand Weapons
 a - a +0 war axe
 b - the +8 hunting sling of Lepacso Cuha (weapon) {freeze, rPois rC+}
   (You found it on level 4 of the Dungeon)

   Any ammunition fired from it freezes those it strikes, dealing additional
   cold damage.
   It can also slow down cold-blooded creatures.
   rC:        It protects you from cold.
   rPois:     It protects you from poison.
Missiles
 d - 3 throwing nets
 i - 10 poisoned darts
 p - 29 stones (quivered ammo)
Armour
 c - a +0 helmet
 l - a +0 ring mail of cold resistance (worn)
 o - a +1 helmet (worn)
Jewellery
 f - a +6 ring of strength (left hand)
 j - a ring of fire
 r - a ring of willpower (right hand)
Wands
 s - a wand of digging (8)
Scrolls
 e - a scroll of noise
 h - a scroll of identify
 m - a scroll of teleportation {unknown}
 n - a scroll of blinking {unknown}
 q - a scroll of fog {unknown}
Potions
 g - a potion of brilliance {unknown}


   Skills:
 + Level 4.3 Fighting
 - Level 2.6 Axes
 + Level 3.9 Throwing
 + Level 3.3 Armour
 + Level 4.4 Dodging


You had 6 spell levels left.
You didn't know any spells.
Your spell library contained the following spells:

 Spells                   Type           Power      Damage    Failure   Level
 Sublimation of Blood     Necr           0%         N/A       67%         2
 Petrify                  Tmut/Erth      0%         N/A       99%         4
 Irradiate                Conj/Tmut      0%         3d13      100%        5


Dungeon Overview and Level Annotations

Branches:
Dungeon (5/15)
 Temple: D:4-7

Altars:
Nemelex Xobeh

Annotations:
D:3 Crazy Yiuf
D:4 Eustachio


Innate Abilities, Weirdness & Mutations

Your demonic aura sometimes causes spilled blood to erupt in flames.
You regenerate a little health from kills.
You have a small tail.


Message History

Found 5 large rocks.
p - 32 stones (gained 2)
You now have 90 gold pieces (gained 15).
Found two maces.
Found a stone staircase leading up.
Found a mace.
You see here a +0 mace.
Found seven maces.
Found a runed translucent door.
You see here a +0 mace.
Found a mace.
You see here a +0 mace.
You see here a +0 mace.
Found two maces and a runed mace.
Crazy Yiuf flaps his cloak.
You see here a +0 mace.
You open the door. You shoot a stone. The stone barely misses Crazy Yiuf.
Crazy Yiuf hits you with a +2 quarterstaff of chaos.
You feel your power leaking away.
You shoot a stone. The stone hits Crazy Yiuf!
The stone freezes Crazy Yiuf.
Crazy Yiuf is heavily wounded.
Crazy Yiuf barely misses you.
You shoot a stone. The stone hits Crazy Yiuf!
The stone freezes Crazy Yiuf.
Crazy Yiuf is almost dead.
Crazy Yiuf hits you with a +2 quarterstaff of chaos!
You suddenly lose the ability to move!
Crazy Yiuf hits you with a +2 quarterstaff of chaos.
You are poisoned.
You feel sick.
Crazy Yiuf hits you with a +2 quarterstaff of chaos!
You convulse.
You feel sick.
Crazy Yiuf hits you with a +2 quarterstaff of chaos.
* * * LOW HITPOINT WARNING * * *
You are confused.
You can move again.
It was a potion of attraction.
You feel attractive to monsters.
You feel sick.
Crazy Yiuf hits you with a +2 quarterstaff of chaos!
You die...

##.# ##. .. ..# .).###
.....# ....<.#.#
.....##### #.......#
.....##..# #......##
..####..## #........
...#...## ###
♣♣##.....#.. #....###
#)))#♣♣ ♣♣.#........#
#....#
#())g@♣♣♣♣..........##
#......#
#)))#♣))♣)..........##
#....#...# ###
♣♣♣)♣).#.......##
#.#...####
♣♣♣♣♣##.###...#
..##.## #.###.... ##
#.# #........ ..
#...##.(...
........... #####.....


You could see Crazy Yiuf.

Vanquished Creatures
  Grinder (D:3)
  A black bear (D:5)
  A scorpion (D:5)
  A water moccasin skeleton (D:5)
  A bullfrog zombie (D:5)
  An orc priest (D:3)
  2 jellies
  A gnoll (D:1)
  3 adders
  An ufetubus (D:4)
  A worm (D:2)
  3 dart slugs
  11 orcs
  3 bats
  2 endoplasms
  A giant cockroach (D:2)
  4 goblins
  3 hobgoblins (D:2)
  7 jackals
  6 kobolds
  3 quokkas
  A ball python (D:1)
  3 frilled lizards (D:1)
  3 rats
64 creatures vanquished.

Vanquished Creatures (others)
  3 plants (D:1)
3 creatures vanquished.

Grand Total: 67 creatures vanquished

Notes
Turn   | Place    | Note
-------+----------+-------------------------------------------
     0 | D:1      | flotson the Demonspawn Gladiator began the quest for the
                  | Orb.
     0 | D:1      | Reached XP level 1. HP: 16/16 MP: 1/1
   498 | D:1      | Gained mutation: You have a small tail. [demonic ancestry]
   498 | D:1      | Reached XP level 2. HP: 3/22 MP: 2/2
   905 | D:1      | Found a faded altar of an unknown god.
  1274 | D:1      | Reached skill level 1 in Armour
  1408 | D:2      | Found a sparkling altar of Nemelex Xobeh.
  1414 | D:2      | Reached XP level 3. HP: 12/28 MP: 3/3
  2702 | D:3      | Reached XP level 4. HP: 20/34 MP: 4/4
  3327 | D:3      | Reached XP level 5. HP: 41/41 MP: 5/5
  3359 | D:3      | You fall into a shaft and drop 2 floors!
  3359 | D:5      | Entered Level 5 of the Dungeon
  3373 | D:5      | Noticed a black bear
  3386 | D:5      | Killed a black bear
  3388 | D:5      | Gained mutation: Your demonic aura sometimes causes spilled
                  | blood to erupt in flames. [demonic ancestry]
  3388 | D:5      | Reached XP level 6. HP: 22/47 MP: 6/6
  3886 | D:4      | Noticed Eustachio
  3907 | D:4      | Identified the +8 hunting sling of Lepacso Cuha {freeze,
                  | rPois rC+}
  4224 | D:3      | Noticed Grinder
  4238 | D:3      | Killed Grinder
  4239 | D:3      | Gained mutation: You regenerate a little health from kills.
                  | [demonic ancestry]
  4239 | D:3      | Reached XP level 7. HP: 49/54 MP: 7/7
  4322 | D:3      | Found a runed translucent door.
  4323 | D:3      | Noticed Crazy Yiuf
  4329 | D:3      | Paralysed by Crazy Yiuf for 4 turns
  4333 | D:3      | Slain by Crazy Yiuf

Illustrated notes

Levels and vault maps discovered:
D:1:      roderic_crop_circles_arrival_small, layout_loops_corners,
          chequers_ecumenical_altar_simple
D:2:      layout_basic, basic_altar, serial_corexii_hall,
          chequers_hall_statues_y, corexii_hall_statues_x
D:3:      layout_rooms, uniq_grinder, uniq_crazy_yiuf_cottage
D:4:      layout_loops_cross, chequers_serial_rivers_room_a, uniq_eustachio
D:5:      cheibrodos_iron_armory, layout_rooms, nzn_random_ring

Skill      XL: |  1  2  3  4  5  6 |
---------------+-------------------+-----
Throwing       | 2 3 |  3.9
Dodging        | 3 4 |  4.4
Armour         | 1 2 3 |  3.3
Fighting       | 3 4 |  4.3
Axes           | |  2.6

Action                   |  1- 3 |  4- 6 |  7- 9 || total
-------------------------+-------+-------+-------++-------
Melee: War axe           |   103 |    68 |       ||   171
       Tailslap          |     8 |     6 |       ||    14
 Fire: Hunting sling     |       |    17 |     3 ||    20
  Use: Potion            |       |     3 |     1 ||     4
       Scroll            |       |     1 |       ||     1
Armor: Leather armour    |    25 |       |       ||    25
       Ring mail         |    14 |    65 |       ||    79
       Skin              |       |    43 |       ||    43
Dodge: Dodged            |    74 |    85 |     1 ||   160

Table legend: (Time is in decaauts)
 A = Elapsed time spent in this place.
 B = Non-inter-level travel time spent in this place.
 C = Inter-level travel time spent in this place.
 D = Time resting spent in this place.
 E = Time spent auto-exploring this place.
 F = Levels seen in this place.
 G = Mean time per level.
                   A        B        C        D        E       F      G
               +--------+--------+--------+--------+--------+-----+--------+
         Total |   4401 |   4149 |    252 |    429 |   3069 |   5 |  880.2 |
       Dungeon |   4401 |   4149 |    252 |    429 |   3069 |   5 |  880.2 |
               +--------+--------+--------+--------+--------+-----+--------+

Top non-repeatable levels by time:
     D:2: 1713 daAuts
     D:1: 1565 daAuts
     D:3: 549 daAuts
     D:5: 307 daAuts
     D:4: 266 daAuts
